 Dungeon Crawl Stone Soup version 0.16-a0-3667-g690a316 (webtiles) character file.

1153 fdick the Ruffian (level 8, -3/56 HPs)
             Began as a Bearkin Gladiator on May 2, 2015.
             Was a Follower of Dithmenos.
             Slain by mattchew's ghost (10 damage)
             ... on level 5 of the Dungeon.
             The game lasted 00:21:32 (5559 turns).

fdick the Ruffian (Bearkin Gladiator)               Turns: 5559, Time: 00:21:32

Health: -3/56      AC:  7    Str: 20    XL:     8   Next: 16%
Magic:  10/11      EV: 12    Int:  8    God:    Dithmenos [*.....]
Gold:   211        SH:  0    Dex: 13    Spells: 0 memorised, 7 levels left

rFire  . . .     SeeInvis .       - Unarmed
rCold  . . .     Clarity  .     b - +0 leather armour
rNeg   . . .     SustAb   .     (no shield)
rPois  +         Gourm    .     c - +0 helmet
rElec  .         Spirit   .     r - +0 cloak
rCorr  .         Warding  .     (no gloves)
rMut   .         Stasis   .     (no boots)
MR     .....                    (no amulet)
Stlth  ++++......               n - ring of poison resistance
                                i - ring of invisibility

@: very slightly contaminated, hasted, wreathed by umbra, invisible, very quick,
not resistant to hostile enchantments, stealthy
A: claws 2, camouflage 1, shaggy fur 2, hind claws 2, cornered berserk
a: Cornered Berserk, Renounce Religion, Turn Visible


You were on level 5 of the Dungeon.
You worshipped Dithmenos.
Dithmenos was aware of your devotion.
You were not hungry.

You visited 2 branches of the dungeon, and saw 6 of its levels.

You collected 211 gold pieces.

Inventory:

Hand weapons
 e - a +0 club
 f - a +0 dagger
 w - a +4 quarterstaff of chaos
 y - a +0 hunting sling
Missiles
 d - 3 throwing nets (quivered)
 m - 35 stones
Armour
 b - a +0 leather armour (worn)
 c - a +0 helmet (worn)
 o - a +2 robe of magic resistance
 r - a +0 cloak (worn)
 u - a +0 scale mail
Jewellery
 i - a ring of invisibility (left claw)
 n - a ring of poison resistance (right claw)
Scrolls
 g - 4 scrolls of fog
 h - 2 scrolls of remove curse
 j - 2 scrolls of teleportation {unknown}
 k - 2 scrolls of enchant weapon {unknown}
 l - 3 scrolls of identify
 s - a scroll of recharging {unknown}
 x - a scroll of blinking {unknown}
 z - a scroll of immolation {unknown}
 C - 2 scrolls of noise {unknown}
Potions
 p - a potion of magic
 q - a potion of haste
 A - 2 potions of curing
Miscellaneous
 v - a plain deck of changes
Comestibles
 a - 5 bread rations
 t - 4 fruits
 B - a royal jelly
 D - a meat ration
 E - 2 chunks of flesh


   Skills:
 - Level 2.0 Fighting
 - Level 1.7 Throwing
 - Level 2.4 Dodging
 + Level 5.8 Stealth
 - Level 7.1 Unarmed Combat
 - Level 2.3 Evocations


You had 7 spell levels left.
You didn't know any spells.

Dungeon Overview and Level Annotations

Branches:
Dungeon (5/15)             Temple (1/1) D:5

Altars:
Ashenzari
Cheibriados
Dithmenos
Gozag
Kikubaaqudgha
Makhleb
Nemelex Xobeh
Okawaru
Ru
Sif Muna
Trog
Vehumet
Xom
Zin
The Shining One

Annotations:
D:5 mattchew's ghost, experienced BeIE


Innate Abilities, Weirdness & Mutations

You have very sharp fingernails.
You are covered in thick fur (AC +2).
Your hind legs have sharp claws.
You can berserk when greatly wounded.
Your skin changes colour to match your surroundings (Stealth).


Message History

Mattchew's ghost is lightly damaged.
You see here a jackal skeleton.
Mattchew's ghost closely misses you.
You strike the helpless mattchew's ghost from behind!
You scratch mattchew's ghost but do no damage.
You claw mattchew's ghost, but do no damage.
Mattchew's ghost is lightly damaged.
You scratch mattchew's ghost.
You claw mattchew's ghost, but do no damage.
Mattchew's ghost is lightly damaged.
Mattchew's ghost hits you!
You catch the helpless mattchew's ghost completely off-guard!
You scratch mattchew's ghost but do no damage.
You claw mattchew's ghost, but do no damage.
Mattchew's ghost is lightly damaged.
Mattchew's ghost hits you!
* * * LOW HITPOINT WARNING * * *
Drink which item? (? for menu, Esc to quit)
You feel yourself speed up. Mattchew's ghost hits you!
You die...

#.###########
#..####...W## #.#
#..# #...# #.# #..#
#### #.# #..# #.#
#############..#
#.####...##...#.....#
.......###.._.#..#.##
.#.#.#.#.#....#..รท.#
.........'....#.@#.##
.#.#.#.###....#.W...#
.........#.._.#.....#
.#.#.#..###...#.....#
.......## #####..####
.#.#.#.# #...#
.......# #...#
.####### ##### ##


You could see mattchew's ghost.

Vanquished Creatures
  A sky beast (D:4)
  A centaur (D:5)
  3 ogres
  Sigmund (D:3)
  A scorpion (D:5)
  3 hounds
  A jelly (D:3)
  A giant frog zombie (D:5)
  An orc priest (D:3)
  Crazy Yiuf (D:3)
  A centaur skeleton (D:5)
  3 orc wizards
  A worker ant (D:4)
  Ijyb (D:5)
  10 adders
  A shadow imp (D:5)
  A giant mite (D:3)
  2 orc zombies (D:5)
  3 worms
  An adder skeleton (D:4)
  3 giant geckos
  18 orcs
  A ball python (D:3)
  A bat skeleton (D:5)
  7 giant cockroaches
  6 goblins
  9 hobgoblins
  6 jackals
  13 bats
  3 giant newts
  A jackal skeleton (D:4)
  12 kobolds
  4 quokkas
  9 rats
131 creatures vanquished.

Notes
Turn   | Place    | Note
--------------------------------------------------------------
     0 | D:1      | fdick, the Bearkin Gladiator, began the quest for the Orb.
     0 | D:1      | Reached XP level 1. HP: 16/16 MP: 1/1
   165 | D:1      | Reached XP level 2. HP: 17/22 MP: 2/2
   940 | D:2      | Reached skill level 4 in Unarmed Combat
  1282 | D:2      | Reached skill level 1 in Evocations
  1282 | D:2      | Reached XP level 3. HP: 20/27 MP: 1/3
  1491 | D:2      | Found a snail-covered altar of Cheibriados.
  1765 | D:2      | Gained mutation: Your hind legs have sharp claws. [bearkin transformation]
  1765 | D:2      | Reached XP level 4. HP: 28/33 MP: 5/5
  1966 | D:3      | Reached skill level 1 in Stealth
  1982 | D:3      | Noticed Sigmund
  2081 | D:3      | Killed Sigmund
  2081 | D:3      | Reached XP level 5. HP: 16/38 MP: 4/6
  2522 | D:3      | Found a sparkling altar of Nemelex Xobeh.
  2560 | D:3      | Found a burning altar of Makhleb.
  2888 | D:3      | Noticed Crazy Yiuf
  2911 | D:3      | Killed Crazy Yiuf
  2911 | D:3      | Reached skill level 5 in Unarmed Combat
  2911 | D:3      | Gained mutation: You are covered in thick fur (AC +2). [bearkin transformation]
  2911 | D:3      | Reached XP level 6. HP: 28/44 MP: 6/8
  3470 | D:4      | Reached skill level 6 in Unarmed Combat
  3677 | D:4      | Reached XP level 7. HP: 40/50 MP: 9/9
  3868 | D:4      | Found a glowing golden altar of the Shining One.
  4310 | D:5      | Entered Level 5 of the Dungeon
  4323 | D:5      | Found an ancient bone altar of Kikubaaqudgha.
  4335 | D:5      | Found a staircase to the Ecumenical Temple.
  4359 | Temple   | Entered the Ecumenical Temple
  4365 | Temple   | Became a worshipper of Dithmenos the Shadowed
  4383 | D:5      | Reached skill level 7 in Unarmed Combat
  4721 | D:4      | Gained mutation: Your skin changes colour to match your surroundings (Stealth). [mutagenic meat]
  4873 | D:5      | Reached skill level 5 in Stealth
  4987 | D:5      | Gained mutation: You have very sharp fingernails. [bearkin transformation]
  4987 | D:5      | Reached XP level 8. HP: 45/56 MP: 11/11
  5186 | D:5      | Noticed Ijyb
  5304 | D:5      | Found an opulent altar of Gozag.
  5304 | D:5      | Found a glowing silver altar of Zin.
  5365 | D:5      | Killed Ijyb
  5447 | D:5      | Found a bloodstained altar of Trog.
  5447 | D:5      | Noticed mattchew's ghost (experienced BeIE)
  5559 | D:5      | Slain by mattchew's ghost

Action                   |  1- 3 |  4- 6 |  7- 9 || total
-------------------------+-------+-------+-------++-------
Melee: Unarmed           |   129 |   239 |   211 ||   579
 Abil: Evoke Invisibilit |     1 |     3 |     4 ||     8
  Use: Scroll            |       |     3 |       ||     3
       Potion            |       |       |     3 ||     3
 Stab: Invisible         |     3 |     4 |     2 ||     9
       Sleeping          |       |     2 |     2 ||     4
  Eat: Chunk             |     1 |     4 |     8 ||    13
       Bread ration      |     1 |       |       ||     1
       Fruit             |       |     2 |     1 ||     3
